PAA
RENO SILVER SOX @ LAKE MINNETONKA LOVE BOATS
08/07/2034
 
TOP OF THE 1ST
Reno Silver Sox batting - Pitching for Lake Minnetonka Love Boats : RHP Dylan Telford
Pitching: RHP Dylan Telford
Batting: LHB Luis Aranda 0-0: Ball
1-0: Ball
2-0: Called Strike
2-1: Ground out U3 (Groundball, 34)
Batting: RHB Spartak Gonjarov 0-0: Swinging Strike
0-1: Ball
1-1: Ball
2-1: Foul Ball, location: 2F
2-2: Ball
3-2: Foul Ball, location: 2F
3-2: Foul Ball, location: 2F
3-2: SINGLE (Flyball, 89S)
Batting: RHB Rob Brooks 0-0: Ball
1-0: Ball
2-0: Foul Ball, location: 2F
2-1: Swinging Strike
2-2: Strikes out looking
Batting: RHB Jong-beom Chang 0-0: Ball
1-0: Ball
2-0: Ball
3-0: Foul Ball, location: 2F
3-1: Fly out, F7 (Flyball, 78M)
Top of the 1st over - 0 runs, 1 hit, 0 errors, 1 left on base; Reno 0 - Lake Minnetonka 0
BOTTOM OF THE 1ST
Lake Minnetonka Love Boats batting - Pitching for Reno Silver Sox : LHP Dale Snider
Pitching: LHP Dale Snider
Batting: RHB Francisco Guerra 0-0: Called Strike
0-1: Swinging Strike
0-2: Fly out, F9 (Flyball, 89M)
Batting: RHB Jeff Hunter 0-0: Called Strike
0-1: Called Strike
0-2: Foul Ball, location: 2F
0-2: Foul Ball, location: 2F
0-2: Ball
1-2: Ball
2-2: Ball
3-2: Base on Balls
Batting: LHB Wilton Maynard 0-0: Foul Ball, location: 2F
0-1: Foul Ball, location: 2F
0-2: Ball
1-2: Foul Ball, location: 2F
1-2: Ball
2-2: Strikes out looking
Batting: RHB Mario van Heijbeeck 0-0: Foul Ball, location: 2F
0-1: Called Strike
0-2: Strikes out looking
Bottom of the 1st over - 0 runs, 0 hits, 0 errors, 1 left on base; Reno 0 - Lake Minnetonka 0
TOP OF THE 2ND
Reno Silver Sox batting - Pitching for Lake Minnetonka Love Boats : RHP Dylan Telford
Batting: RHB Roy Burns 0-0: Ground out 6-3 (Groundball, 6)
Batting: RHB Juan Laguna 0-0: Ball
1-0: Foul Ball, location: 2F
1-1: Swinging Strike
1-2: Foul Ball, location: 2F
1-2: DOUBLE (Line Drive, 8LD)
Batting: RHB Jean Lechuga 0-0: Called Strike
0-1: Called Strike
0-2: Strikes out swinging
Batting: RHB Armando Romero 0-0: SINGLE (Groundball, 6M) (infield hit)
Juan Laguna to third
Batting: RHB Carlos González 0-0: Ball
1-0: Foul Ball, location: 2F
1-1: Foul Ball, location: 2F
1-2: Ball
2-2: Ball
3-2: Foul Ball, location: 2F
3-2: DOUBLE (Groundball, 5L)
Juan Laguna scores
Armando Romero to third
Armando Romero scores
Batting: LHB Luis Aranda 0-0: Called Strike
0-1: Ball
1-1: Ball
2-1: Foul Ball, location: 2F
2-2: Strikes out swinging
Top of the 2nd over - 2 runs, 3 hits, 0 errors, 1 left on base; Reno 2 - Lake Minnetonka 0
BOTTOM OF THE 2ND
Lake Minnetonka Love Boats batting - Pitching for Reno Silver Sox : LHP Dale Snider
Batting: LHB Juan Ramírez 0-0: Ball
1-0: Ball
2-0: Foul Ball, location: 2F
2-1: Called Strike
2-2: Foul Ball, location: 2F
2-2: Ball
3-2: Base on Balls
Batting: RHB Guillermo Carrizales 0-0: Ball
1-0: 2-RUN HOME RUN (Flyball, 7D), Distance : 371 ft
Batting: LHB Tom Haymon 0-0: Called Strike
0-1: Called Strike
0-2: Ball
1-2: Ball
2-2: Ball
3-2: Ground out 6-3 (Groundball, 6MS)
Batting: RHB Martin van Veldhuizen 0-0: Ball
1-0: Called Strike
1-1: Foul Ball, location: 2F
1-2: Foul Ball, location: 2F
1-2: Ball
2-2: Ball
3-2: Strikes out swinging
Batting: RHB Yoshii Saikawa 0-0: Swinging Strike
0-1: Fly out, F2 (Popup, 23F)
Bottom of the 2nd over - 2 runs, 1 hit, 0 errors, 0 left on base; Reno 2 - Lake Minnetonka 2
TOP OF THE 3RD
Reno Silver Sox batting - Pitching for Lake Minnetonka Love Boats : RHP Dylan Telford
Batting: RHB Spartak Gonjarov 0-0: Ball
1-0: Ball
2-0: Swinging Strike
2-1: Ball
3-1: Swinging Strike
3-2: Strikes out swinging
Batting: RHB Rob Brooks 0-0: Called Strike
0-1: Ball
1-1: Foul Ball, location: 2F
1-2: SINGLE (Flyball, 8RS)
Batting: RHB Jong-beom Chang 0-0: Foul Ball, location: 2F
0-1: Foul Ball, location: 2F
0-2: SINGLE (Flyball, 78S)
Rob Brooks to second
Batting: RHB Roy Burns 0-0: Ball
1-0: Ball
2-0: Ball
3-0: Called Strike
3-1: Foul Ball, location: 2F
3-2: SINGLE (Line Drive, 56D)
Rob Brooks to third
Jong-beom Chang to second
Runner from 3rd tries for Home, SAFE, throw made home
Batting: RHB Juan Laguna 0-0: Ball
1-0: Ball
2-0: Called Strike
2-1: Ball
3-1: Fly out, F9 (Flyball, 89D)
Batting: RHB Jean Lechuga 0-0: Ball
1-0: Ball
2-0: Ground out 5-3 (Groundball, 56S)
Top of the 3rd over - 1 run, 3 hits, 0 errors, 2 left on base; Reno 3 - Lake Minnetonka 2
BOTTOM OF THE 3RD
Lake Minnetonka Love Boats batting - Pitching for Reno Silver Sox : LHP Dale Snider
Batting: RHB Francisco Guerra 0-0: Called Strike
0-1: Ball
1-1: Ball
2-1: Ground out 6-3 (Groundball, 6S)
Batting: RHB Jeff Hunter 0-0: Called Strike
0-1: Foul Ball, location: 2F
0-2: Strikes out looking
Batting: LHB Wilton Maynard 0-0: Foul Ball, location: 2F
0-1: Ball
1-1: Ball
2-1: Ball
3-1: Fly out, F8 (Flyball, 8LM)
Bottom of the 3rd over - 0 runs, 0 hits, 0 errors, 0 left on base; Reno 3 - Lake Minnetonka 2
TOP OF THE 4TH
Reno Silver Sox batting - Pitching for Lake Minnetonka Love Boats : RHP Dylan Telford
Batting: RHB Armando Romero 0-0: Ball
1-0: Ball
2-0: Ball
3-0: Called Strike
3-1: Called Strike
3-2: Strikes out swinging
Batting: RHB Carlos González 0-0: Ball
1-0: Ball
2-0: Called Strike
2-1: Ball
3-1: Base on Balls
Batting: LHB Luis Aranda 0-0: Called Strike
0-1: Ground out 3-1 (Groundball, 34S)
Carlos González to second
Batting: RHB Spartak Gonjarov 0-0: Foul Ball, location: 2F
0-1: Ball
1-1: Fly out, F3 (Popup, 3F)
Top of the 4th over - 0 runs, 0 hits, 0 errors, 1 left on base; Reno 3 - Lake Minnetonka 2
BOTTOM OF THE 4TH
Lake Minnetonka Love Boats batting - Pitching for Reno Silver Sox : LHP Dale Snider
Batting: RHB Mario van Heijbeeck 0-0: Ball
1-0: Ball
2-0: Ball
3-0: Base on Balls
Batting: LHB Juan Ramírez 0-0: Called Strike
0-1: Fly out, F9 (Flyball, 9LS)
Batting: RHB Guillermo Carrizales 0-0: Ball
1-0: Ball
2-0: Called Strike
2-1: DOUBLE (Line Drive, 9LD)
Mario van Heijbeeck to third
Runner from 3rd tries for Home, SAFE, no throw
Batting: LHB Tom Haymon 0-0: Called Strike
0-1: Foul Ball, location: 2F
0-2: Ball
1-2: Foul Ball, location: 2F
1-2: Strikes out swinging
Batting: RHB Martin van Veldhuizen 0-0: Called Strike
0-1: Foul Ball, location: 2F
0-2: Strikes out swinging
Bottom of the 4th over - 1 run, 1 hit, 0 errors, 1 left on base; Reno 3 - Lake Minnetonka 3
TOP OF THE 5TH
Reno Silver Sox batting - Pitching for Lake Minnetonka Love Boats : RHP Dylan Telford
Batting: RHB Rob Brooks 0-0: Ball
1-0: Called Strike
1-1: Ball
2-1: Swinging Strike
2-2: Strikes out swinging
Batting: RHB Jong-beom Chang 0-0: Ball
1-0: Ball
2-0: Ball
3-0: Base on Balls
Batting: RHB Roy Burns 0-0: Swinging Strike
0-1: Ball
1-1: Ball
2-1: Ball
3-1: Base on Balls
Jong-beom Chang to second
Batting: RHB Juan Laguna 0-0: Grounds into double play, 5-4-3 (Groundball, 56)
Top of the 5th over - 0 runs, 0 hits, 0 errors, 1 left on base; Reno 3 - Lake Minnetonka 3
BOTTOM OF THE 5TH
Lake Minnetonka Love Boats batting - Pitching for Reno Silver Sox : LHP Dale Snider
Batting: RHB Yoshii Saikawa 0-0: Fly out, F3 (Line Drive, 3)
Batting: RHB Francisco Guerra 0-0: Ball
1-0: Ball
2-0: Ball
3-0: Base on Balls
Batting: RHB Jeff Hunter 0-0: Ball
1-0: Fly out, F8 (Line Drive, 8RD)
Batting: LHB Wilton Maynard 0-0: Called Strike
Francisco Guerra steals 2nd base
0-1: Ball
1-1: Foul Ball, location: 2F
1-2: Ball
2-2: Ground out 4-3 (Groundball, 4)
Bottom of the 5th over - 0 runs, 0 hits, 0 errors, 1 left on base; Reno 3 - Lake Minnetonka 3
TOP OF THE 6TH
Reno Silver Sox batting - Pitching for Lake Minnetonka Love Boats : RHP Dylan Telford
Batting: RHB Jean Lechuga 0-0: Ball
1-0: Ball
2-0: Ball
3-0: Called Strike
3-1: Ground out 5-3 (Groundball, 56)
Batting: RHB Armando Romero 0-0: Called Strike
0-1: Ball
1-1: Ball
2-1: Ball
3-1: DOUBLE (Line Drive, 78D)
Batting: RHB Carlos González 0-0: Ball
1-0: Foul Ball, location: 2F
1-1: Swinging Strike
1-2: Ball
2-2: Foul Ball, location: 2F
2-2: Ground out 5-3 (Groundball, 25)
Armando Romero to third
Batting: LHB Luis Aranda 0-0: Foul Ball, location: 2F
0-1: Fly out, F5 (Popup, 25F)
Top of the 6th over - 0 runs, 1 hit, 0 errors, 1 left on base; Reno 3 - Lake Minnetonka 3
BOTTOM OF THE 6TH
Lake Minnetonka Love Boats batting - Pitching for Reno Silver Sox : LHP Dale Snider
Batting: RHB Mario van Heijbeeck 0-0: Fly out, F7 (Line Drive, 7LM)
Batting: LHB Juan Ramírez 0-0: Ball
1-0: Ball
2-0: Called Strike
2-1: Foul Ball, location: 2F
2-2: Ball
3-2: Strikes out swinging
Batting: RHB Guillermo Carrizales 0-0: Ball
1-0: Ball
2-0: Ball
3-0: Base on Balls
Batting: LHB Tom Haymon 0-0: Called Strike
0-1: Foul Ball, location: 2F
0-2: Ball
1-2: Ball
2-2: Ball
3-2: SINGLE (Line Drive, 9S)
Guillermo Carrizales to second
Guillermo Carrizales to third
Batting: RHB Martin van Veldhuizen 0-0: Ball
1-0: Ground out 4-3 (Groundball, 34)
Bottom of the 6th over - 0 runs, 1 hit, 0 errors, 2 left on base; Reno 3 - Lake Minnetonka 3
TOP OF THE 7TH
Reno Silver Sox batting - Pitching for Lake Minnetonka Love Boats : RHP Dylan Telford
Batting: RHB Spartak Gonjarov 0-0: Called Strike
0-1: Ball
1-1: Foul Ball, location: 2F
1-2: Ball
2-2: Foul Ball, location: 2F
2-2: Strikes out swinging
Batting: RHB Rob Brooks 0-0: Ball
1-0: Foul Ball, location: 2F
1-1: Swinging Strike
1-2: Foul Ball, location: 2F
1-2: Ball
2-2: Fly out, F7 (Flyball, 78S)
Batting: RHB Jong-beom Chang 0-0: Called Strike
0-1: Called Strike
0-2: Foul Ball, location: 2F
0-2: Strikes out swinging
Top of the 7th over - 0 runs, 0 hits, 0 errors, 0 left on base; Reno 3 - Lake Minnetonka 3
BOTTOM OF THE 7TH
Lake Minnetonka Love Boats batting - Pitching for Reno Silver Sox : LHP Dale Snider
Batting: RHB Yoshii Saikawa 0-0: Called Strike
0-1: Fly out, F8 (Line Drive, 8RM)
Batting: RHB Francisco Guerra 0-0: Foul Ball, location: 2F
0-1: Ball
1-1: Ball
2-1: Ball
3-1: Base on Balls
Pitching: RHP Herman Guevera
Batting: RHB Jeff Hunter 0-0: Called Strike
0-1: Ball
1-1: Ball
2-1: Ball
3-1: Base on Balls
Francisco Guerra to second
Batting: LHB Wilton Maynard 0-0: Ball
1-0: Fly out, F6 (Popup, 6S)
Batting: RHB Mario van Heijbeeck 0-0: Ball
1-0: Swinging Strike
1-1: Called Strike
1-2: Strikes out swinging
Bottom of the 7th over - 0 runs, 0 hits, 0 errors, 2 left on base; Reno 3 - Lake Minnetonka 3
TOP OF THE 8TH
Reno Silver Sox batting - Pitching for Lake Minnetonka Love Boats : RHP Dylan Telford
Pitching: LHP Inaki Maira
Batting: RHB Roy Burns 0-0: Foul Ball, location: 2F
0-1: Ball
1-1: Ball
2-1: Foul Ball, location: 2F
2-2: Fly out, F8 (Line Drive, 8RM)
Batting: RHB Juan Laguna 0-0: Called Strike
0-1: Swinging Strike
0-2: Ball
1-2: Strikes out swinging
Batting: RHB Jean Lechuga 0-0: Ground out 3-1 (Groundball, 34S)
Top of the 8th over - 0 runs, 0 hits, 0 errors, 0 left on base; Reno 3 - Lake Minnetonka 3
BOTTOM OF THE 8TH
Lake Minnetonka Love Boats batting - Pitching for Reno Silver Sox : RHP Herman Guevera
Batting: LHB Juan Ramírez 0-0: Swinging Strike
0-1: Ball
1-1: Foul Ball, location: 2F
1-2: Ball
2-2: Ball
3-2: Base on Balls
Batting: RHB Guillermo Carrizales 0-0: Ball
1-0: Swinging Strike
1-1: SINGLE (Groundball, 56D)
Juan Ramírez to second
Batting: LHB Tom Haymon 0-0: Called Strike
0-1: Ball
1-1: Foul Ball, location: 2F
1-2: Ball
2-2: Ball
3-2: Base on Balls
Juan Ramírez to third
Guillermo Carrizales to second
Batting: RHB Martin van Veldhuizen 0-0: Ball
1-0: Called Strike
1-1: Ball
2-1: SINGLE (Groundball, 34)
Juan Ramírez scores
Guillermo Carrizales to third
Tom Haymon to second
Runner from 3rd tries for Home, SAFE, no throw
Batting: RHB Yoshii Saikawa 0-0: Sac Bunt - play at first, batter OUT! 1-3
Tom Haymon to third
Martin van Veldhuizen to second
Pinch Hitting: LHB Matt Palmer 0-0: Ball
1-0: SINGLE (Line Drive, 89S)
Tom Haymon scores
Martin van Veldhuizen to third
Runner from 3rd tries for Home, SAFE, throw made home
Pitching: LHP Jim Gunther
Batting: RHB Jeff Hunter 0-0: Foul Ball, location: 2F
0-1: Foul Ball, location: 2F
0-2: Ball
1-2: Ball
Matt Palmer steals 2nd base
2-2: Ball
3-2: Base on Balls
Batting: LHB Wilton Maynard 0-0: Reached on error, E4 (Groundball, 4)
Matt Palmer to third
Jeff Hunter to second
Batting: RHB Mario van Heijbeeck 0-0: Called Strike
0-1: SINGLE (Groundball, 6M) (infield hit)
Matt Palmer scores
Jeff Hunter to third
Wilton Maynard to second
Batting: LHB Juan Ramírez 0-0: Foul Ball, location: 2F
0-1: Foul Ball, location: 2F
0-2: Strikes out swinging
Batting: RHB Guillermo Carrizales 0-0: Fly out, F8 (Flyball, 8RD)
Bottom of the 8th over - 5 runs, 4 hits, 1 error, 3 left on base; Reno 3 - Lake Minnetonka 8
TOP OF THE 9TH
Reno Silver Sox batting - Pitching for Lake Minnetonka Love Boats : LHP Inaki Maira
Now at C: Hatui Haunani
Now at 1B: Matt Palmer
Now at SS: Mike Waddingham
Batting: RHB Armando Romero 0-0: Foul Ball, location: 2F
0-1: Ball
1-1: Called Strike
1-2: Ball
2-2: Foul Ball, location: 2F
2-2: Ball
3-2: Strikes out swinging
Batting: RHB Carlos González 0-0: Ball
1-0: Ball
2-0: Ball
3-0: Base on Balls
Batting: LHB Luis Aranda 0-0: Called Strike
0-1: Ball
1-1: Swinging Strike
1-2: SINGLE (Line Drive, 6D)
Carlos González to second
Batting: RHB Spartak Gonjarov 0-0: Ball
1-0: Foul Ball, location: 2F
1-1: Ball
2-1: Swinging Strike
2-2: Ball
3-2: Base on Balls
Carlos González to third
Luis Aranda to second
Pitching: RHP Harry Stogsdill
Batting: RHB Rob Brooks 0-0: Foul Ball, location: 2F
0-1: Ball
1-1: Foul Ball, location: 2F
1-2: Ball
2-2: Ball
3-2: Foul Ball, location: 2F
3-2: Fly out, F8 (Flyball, 8RD)
Runner from 3rd tags up, SCORES, no throw
Batting: RHB Jong-beom Chang 0-0: Foul Ball, location: 2F
0-1: Swinging Strike
0-2: Ball
1-2: Strikes out swinging
Top of the 9th over - 1 run, 1 hit, 0 errors, 2 left on base; Reno 4 - Lake Minnetonka 8
Friday, March 29th, 2019 - OOTP Baseball 18.8 Build 76